cohdb
Replays
Latest Replays
All Replays
Popular Replays
Top Player Replays
Match Explorer
How It Works
Community
CoH3 Stats
Reddit
Sign in to upload your games and track your stats! →
Sign in with Steam
Match 42630380
Unlisted
Match 42630380
Overview
Messages
Build Orders
End
Panzergrenadier Squad
Panzergrenadier Squad
250 Light Carrier
Construct Light Support Kompanie
2.5-tonne Medical Truck
Combat Half-tracks
Assault Grenadier Squad
Fire Support Elements
le.IG 18 Support Gun Team
Construct Panzerarmee Kommand
Pak 38 Anti-tank Gun Team
Selects Battlefield Espionage Battlegroup
Selects Intel Disruption Beacon
Selects Plunder
Panzer III L Medium Tank
Assault Grenadier Squad
Panzer III L Medium Tank
Armored Reserves
Selects Firestorm
Selects 250/3 Funkpanzerwagen
Selects Anti-Tank Incendiary Munitions
Flak 36 Anti-tank Gun Team
Forward Retreat Point
Firestorm
250/3 Funkpanzerwagen
Tiger Heavy Tank
2.5-tonne Medical Truck
Panzerpioneer Squad
Selects Operation Skorpion
Vehicle Survival Package
Firestorm
2.5-tonne Medical Truck
2.5-tonne Medical Truck
Tiger Heavy Tank
Firestorm
Kanehdian
Grand.G
odiervr
galoManco
BobGon
Lanceolatum
0
0
Comments
sign in to comment!
No comments posted yet!